cohdb
Replays
Latest Replays
All Replays
Popular Replays
Top Player Replays
Match Explorer
How It Works
Community
CoH3 Stats
Reddit
Sign in to upload your games and track your stats! →
Sign in with Steam
Match 43869852
Unlisted
Match 43869852
Overview
Messages
Build Orders
End
Construct Infanterie Kompanie
Kettenkrad Recon Vehicle
MG 42 Machine Gun Team
Grenadier Squad
Grenadier Squad
Construct Luftwaffe Kompanie
221 Scout Car
Jäger Squad
Selects Mechanized Battlegroup
Selects Mobile Repair Stations
Jäger Squad
Selects Raid Package
Unbekannt
Erikson
Gernhardt Reinlunzen
YangXYZ
Fortress85
Omlás
Not vincentbui
mooncat_black
0
0
Comments
sign in to comment!
No comments posted yet!